 Dungeon Crawl Stone Soup version 0.27.1 (webtiles) character file.

Game seed: 10439060687133870922

3513 Ishikawa the Carver (level 9, -6/79 HPs)
             Began as a Minotaur Fighter on Aug 27, 2021.
             Was a Believer of the Shining One.
             Mangled by a yak (9 damage)
             ... on level 8 of the Dungeon.
             The game lasted 00:13:59 (7551 turns).

Ishikawa the Carver (Minotaur Fighter)              Turns: 7551, Time: 00:13:59

Health: -6/79      AC: 13    Str: 22    XL:     9   Next: 81%
Magic:  10/10      EV:  8    Int:  5    God:    the Shining One [**....]
Gold:   298        SH: 11    Dex: 12    Spells: 8/8 levels left

rFire    + . .     SeeInvis .   a - +0 long sword
rCold    + . .     Faith    .   c - +0 kite shield
rNeg     + . .     Spirit   .   q - +0 chain mail
rPois    .         Reflect  .   (helmet restricted)
rElec    .         Harm     .   w - scarf {rC+ rF+}
rCorr    .         Rampage  .   t - +0 pair of gloves
Will     +....                  u - +0 pair of boots
Stlth    ..........             b - amulet of magic regeneration
HPRegen  0.23/turn              v - ring of flight
MPRegen  0.37/turn              p - ring of willpower

@: flying, glowing
A: horns 2, retaliatory headbutt
a: Renounce Religion, Divine Shield


You were on level 8 of the Dungeon.
You worshipped the Shining One.
The Shining One was pleased with you.
You visited 1 branch of the dungeon, and saw 8 of its levels.

You collected 298 gold pieces.

Inventory:

Hand Weapons
 a - a +0 long sword (weapon)
Armour
 c - a +0 kite shield (worn)
 g - a +0 cloak
 q - a +0 chain mail (worn)
 t - a +0 pair of gloves (worn)
 u - a +0 pair of boots (worn)
 w - a scarf of resistance (worn)
Jewellery
 b - an amulet of magic regeneration (around neck)
 j - a +6 ring of dexterity
 p - a ring of willpower (right hand)
 v - a ring of flight (left hand)
 B - a +6 ring of strength
Wands
 r - a wand of paralysis (5)
 y - a wand of charming (4)
 A - a wand of flame (14)
Scrolls
 d - 2 scrolls of brand weapon {unknown}
 e - 3 scrolls of identify
 k - a scroll of fog {unknown}
 l - 2 scrolls of blinking {unknown}
 n - 3 scrolls of teleportation {unknown}
 x - a scroll of torment {unknown}
Potions
 f - 3 potions of lignification
 h - 2 potions of magic
 m - 2 potions of brilliance
 o - 3 potions of degeneration
 s - a potion of attraction
 z - a potion of mutation {unknown}
 C - a potion of invisibility {unknown}


   Skills:
 * Level 7.2 Fighting
 * Level 9.9 Long Blades
 * Level 8.6 Armour
 * Level 4.6 Dodging
 * Level 7.6 Shields
 * Level 3.4 Invocations


You had 8 spell levels left.
You didn't know any spells.
Your spell library contained the following spells:

 Spells                   Type           Power      Damage    Failure   Level
 Sting                    Tmut/Pois      0%         1d3       100%        1
 Summon Small Mammal      Summ           0%         N/A       100%        1
 Poisonous Vapours        Pois/Air       0%         N/A       100%        2
 Call Canine Familiar     Summ           0%         N/A       100%        3
 Summon Guardian Golem    Hex/Summ       0%         N/A       100%        3
 Olgreb's Toxic Radiance  Pois           0%         N/A       100%        4


Dungeon Overview and Level Annotations

Branches:
Dungeon (8/15)             Temple (0/1) D:5            Lair (0/6) D:8

Altars:
Gozag
Makhleb
Okawaru
Xom
The Shining One

Shops:
D:7 (


Innate Abilities, Weirdness & Mutations

You have a pair of horns on your head.
You reflexively headbutt those who attack you in melee.


Message History

You hit the basilisk.
The basilisk is almost dead.
The basilisk gazes at you.
You are slowing down.
The yak gores you.
* * * LOW HITPOINT WARNING * * *
You hit the basilisk.
The basilisk is almost dead.
The yak barely misses you. You furiously retaliate!
You headbutt the yak, but do no damage.
Your limbs are stiffening.
You slash the basilisk!
You kill the basilisk!
The yak barely misses you.
You riposte.
You slash the yak!
The yak is almost dead.
The basilisk bites you but does no damage.
The yak gores you.
You have turned to stone.
The basilisk bites you. The yak gores you but does no damage.
The basilisk bites you but does no damage.
The yak gores you.
* * * LOW HITPOINT WARNING * * *
The basilisk gazes at you. You resist with almost no effort.
The yak barely misses you.
The basilisk bites you but does no damage.
The yak gores you but does no damage.
The basilisk bites you but does no damage.
The yak gores you but does no damage. The basilisk bites you!
* * * LOW HITPOINT WARNING * * *
The yak barely misses you. The basilisk barely misses you. The yak gores you!
* * * LOW HITPOINT WARNING * * *
You turn to flesh and can move again.
You feel much better. The basilisk bites you!
* * * LOW HITPOINT WARNING * * *
The yak gores you!
* * * LOW HITPOINT WARNING * * *
You hit the basilisk but do no damage.
The basilisk bites you but does no damage.
The yak gores you!
You die...

#######.#.###.###.##...# .##
............#...#.##...#
...#########...#.###.#.##...#
.....# ######..#............#
......##.......#.....#.#..#.#
.......#.###..>#.#####.#..#.#
>...... #...#.# #.#.##.#
.......#######Y#.#####.#.##.#
#.....Wl@#............#
#.######†############## #.#
### ..# ####


You could see a yak, a basilisk and a wraith.

Vanquished Creatures
  Harold (D:8)
  An elephant (D:8)
  Eustachio (D:4)
  A steam dragon (D:8)
  A basilisk (D:8)
  An orc warrior (D:8)
  2 necrophages
  2 ogres (D:5)
  3 centaurs
  4 bullfrogs
  A wyvern zombie (D:8)
  A water moccasin zombie (D:5)
  4 crimson imps (D:3)
  Crazy Yiuf (D:4)
  2 centaur zombies
  3 hounds
  2 orc priests
  3 jellies
  3 bullfrog skeletons
  A centaur skeleton (D:7)
  Jessica (D:3)
  Ijyb (D:4)
  5 iguanas
  3 orc wizards
  A killer bee zombie (D:6)
  Robin (D:3)
  5 adders
  2 shadow imps
  3 white imps
  An ufetubus (D:7)
  3 dart slugs (D:1)
  18 orcs
  4 ball pythons
  6 endoplasms
  A giant cockroach (D:4)
  13 goblins
  8 hobgoblins
  3 quokkas
  5 bats
  3 frilled lizards
  5 kobolds
  3 rats
133 creatures vanquished.

Vanquished Creatures (others)
  A plant (D:8)
1 creature vanquished.

Grand Total: 134 creatures vanquished

Notes
Turn   | Place    | Note
-------+----------+-------------------------------------------
     0 | D:1      | Ishikawa the Minotaur Fighter began the quest for the Orb.
     0 | D:1      | Reached XP level 1. HP: 19/19 MP: 0/0
    76 | D:1      | Reached XP level 2. HP: 21/27 MP: 1/1
   180 | D:1      | Found a faded altar of an unknown god.
  1101 | D:2      | Reached XP level 3. HP: 33/33 MP: 2/2
  1318 | D:2      | You fall into a shaft and drop 1 floor!
  1433 | D:3      | Reached skill level 3 in Long Blades
  1646 | D:3      | Reached skill level 1 in Dodging
  1646 | D:3      | Reached XP level 4. HP: 7/40 MP: 3/3
  1958 | D:3      | Found a shimmering altar of Xom.
  1978 | D:3      | Reached XP level 5. HP: 42/47 MP: 4/4
  1982 | D:3      | Reached skill level 4 in Long Blades
  1982 | D:3      | Reached skill level 5 in Armour
  2020 | D:3      | Noticed Robin
  2035 | D:3      | Killed Robin
  2040 | D:3      | Reached XP level 6. HP: 45/53 MP: 5/5
  2220 | D:3      | Noticed Jessica
  2223 | D:3      | Killed Jessica
  2224 | D:3      | Reached skill level 5 in Shields
  2308 | D:3      | Found an opulent altar of Gozag.
  2618 | D:3      | Found a glowing golden altar of the Shining One.
  2618 | D:3      | Found a burning altar of Makhleb.
  2624 | D:3      | Became a worshipper of the Shining One
  3352 | D:4      | Noticed Ijyb
  3357 | D:4      | Paralysed by Ijyb for 7 turns
  3367 | D:4      | Killed Ijyb
  3493 | D:4      | Found an iron altar of Okawaru.
  3673 | D:4      | Noticed Eustachio
  3675 | D:4      | Reached skill level 5 in Long Blades
  3734 | D:4      | Killed Eustachio
  3735 | D:4      | Reached XP level 7. HP: 19/60 MP: 6/6
  4143 | D:4      | Reached skill level 5 in Fighting
  4441 | D:4      | Found a runed translucent door.
  4442 | D:4      | Noticed Crazy Yiuf
  4550 | D:4      | Killed Crazy Yiuf
  4885 | D:5      | Entered Level 5 of the Dungeon
  4955 | D:5      | Reached skill level 6 in Long Blades
  5084 | D:5      | Reached skill level 1 in Invocations
  5124 | D:5      | Reached XP level 8. HP: 68/68 MP: 7/7
  5358 | D:5      | Found a staircase to the Ecumenical Temple.
  5482 | D:5      | Reached * piety under the Shining One
  5836 | D:6      | Reached skill level 7 in Long Blades
  6648 | D:7      | Found Ramack's Antique Weapon Emporium.
  6709 | D:7      | Reached ** piety under the Shining One
  6718 | D:7      | Reached skill level 8 in Long Blades
  7123 | D:8      | Reached XP level 9. HP: 75/75 MP: 9/9
  7163 | D:8      | Noticed Harold
  7206 | D:8      | Killed Harold
  7207 | D:8      | Reached skill level 9 in Long Blades
  7511 | D:8      | Noticed an elephant
  7512 | D:8      | Found a staircase to the Lair.
  7535 | D:8      | Killed an elephant
  7549 | D:8      | HP: 1/79 [yak (6)]
  7551 | D:8      | Mangled by a yak

Illustrated notes

Levels and vault maps discovered:
D:1:      wander_arrival_peaceful_grave, layout_basic,
          hellmonk_ecumenical_altar_crossroads
D:2:      layout_basic, chequers_serial_rivers_small_b
D:3:      layout_basic, gammafunk_temple_overflow_wave,
          nicolae_overflow_hidden_temple, led_xom_imps,
          kennysheep_jessica_study, uniq_robin
D:4:      layout_basic, mainiacjoe_overflow_brackets, dk_vineyard_2,
          serial_bayou_crossing, uniq_ijyb, uniq_crazy_yiuf_cottage,
          uniq_eustachio
D:5:      layout_basic, temple_pool_b, minmay_strange_pillars, st_stairs_6
D:6:      layout_loops_ring, minmay_hedge_maze
D:7:      layout_rooms, serial_shops, shop, lemuel_flamethrower_2
D:8:      layout_basic, david_lair_generic, uniq_harold

Skill      XL: |  1  2  3  4  5  6  7  8  9 |
---------------+----------------------------+-----
Fighting       | 4 5 6 7 |  7.2
Shields        | 4 5 6 7 |  7.6
Armour         | 4 5 6 7 8 |  8.6
Long Blades    | 3 4 5 6 8 9 |  9.9
Dodging        | 1 2 3 4 |  4.6
Invocations    | 1 2 3 |  3.4

Action                   |  1- 3 |  4- 6 |  7- 9 || total
-------------------------+-------+-------+-------++-------
Melee: Long sword        |    69 |   119 |   200 ||   388
       Headbutt          |    11 |    32 |    66 ||   109
  Use: Potion            |       |     6 |     2 ||     8
       Scroll            |       |       |     3 ||     3
Armor: Scale mail        |    30 |    38 |       ||    68
       Chain mail        |       |    24 |   122 ||   146
       Skin              |       |    11 |       ||    11
Dodge: Dodged            |    26 |    48 |    73 ||   147
Block: Kite shield       |    35 |    87 |   105 ||   227
       Rpst.: Long sword |     5 |     8 |    27 ||    40
